 Dungeon Sprint DCSS version 0.31-a0-7-g51783674b7 (webtiles) character file.

Game seed: 9272399564461922282

102 rocky1 the Digger (level 4, 0/24 HPs)
             Began as a Deep Elf Earth Elementalist on May 6, 2023.
             Slain by a water elemental (20 damage)
             ... in the Dungeon (Sprint III: "The Ten Rune Challenge").
             The game lasted 00:01:55 (358 turns).

rocky1 the Digger (Deep Elf Earth Elementalist)      Turns: 358, Time: 00:01:55

Health: 0/24       AC:  2    Str:  5    XL:     4   Next: 50%
Magic:  10/13      EV: 14    Int: 22    God:
Gold:   23         SH:  0    Dex: 15    Spells: 9/13 levels left

rFire   . . .        c - +1 dagger (venom)
rCold   . . .        (no shield)
rNeg    . . .        a - +0 robe
rPois   +            (no helmet)
rElec   .            (no cloak)
rCorr   .            (no gloves)
SInv    .            (no boots)
Will    +....        (no amulet)
Stlth   +++          h - ring of poison resistance
HPRegen 0.24/turn    (no ring)
MPRegen 0.13/turn

%: no teleportation
@: engulfed (cannot breathe)
A: strong-willed 1, wild magic 2
a: no special abilities


You were in the Dungeon.
You visited 1 branch You collected 23 gold pieces.

Inventory:

Hand Weapons
 c - a +1 dagger of venom (weapon)
Armour
 a - a +0 robe (worn)
Jewellery
 h - a ring of poison resistance (left hand)
Scrolls
 g - a scroll of blinking
 i - a scroll of torment {unknown}
 j - 3 scrolls of identify
 l - a scroll of immolation {unknown}
Potions
 b - 3 potions of magic
 d - a potion of heal wounds
 e - a potion of haste
 f - a potion of berserk rage
 k - a potion of degeneration {unknown}
 m - a potion of flight {unknown}
 n - 2 potions of mutation


   Skills:
 + Level 4.7 Dodging
 + Level 4.5 Stealth
 + Level 5.4 Spellcasting
 * Level 3.6 Conjurations
 - Level 1.1 Transmutations
 * Level 7.2 Earth Magic


You had 9 spell levels left.
You knew the following spells:

 Your Spells              Type           Power      Damage    Failure   Level
a - Sandblast             Erth           100%       2d20      2%          1
b - Stone Arrow           Conj/Erth      94%        3d12      9%          3

Your spell library contained the following spells:

 Spells                   Type           Power      Damage    Failure   Level
 Passwall                 Tmut/Erth      32%        N/A       8%          2
 Petrify                  Tmut/Erth      39%        N/A       32%         4


Dungeon Overview and Level Annotations

Branches:
Dungeon (1/1)

Altars:


Innate Abilities, Weirdness & Mutations

You are strong-willed. (Will+)
Your spells are harder to cast, but more powerful.


Message History

Confirm with . or Enter, or press ? or * to list all spells.
Okay, then.
You open the door. What are your orders? t - Shout!
Orders for allies: a - Attack new target. r - Retreat! s - Stop attacking. g - Guard the area. f - Follow me.
Anything else - Cancel.
You shout for attention!
Unknown command.
A water elemental comes into view.
Casting: Sandblast (safe; 2% risk of failure)
Confirm with . or Enter, or press ? or * to list all spells.
Okay, then.
Aiming: Sandblast (safe; 2% risk of failure)
Press: ? - help, Q - select action Shift-Dir - straight line, f - water elemental
Aim: a water elemental (91% to hit)
The blast of sand hits the water elemental!
The water elemental is moderately damaged.
Aiming: Sandblast (safe; 2% risk of failure)
Press: ? - help, Q - select action Shift-Dir - straight line, f/p - water elemental
Aim: a water elemental (moderately damaged, 91% to hit)
The blast of sand hits the water elemental!
The water elemental is heavily damaged.
The water elemental barely misses you.
Aiming: Sandblast (safe; 2% risk of failure)
Press: ? - help, Q - select action Shift-Dir - straight line, f/p - water elemental
Aim: a water elemental (heavily damaged, 91% to hit)
The blast of sand hits the water elemental!
The water elemental is almost destroyed.
The water elemental hits you.
The water elemental engulfs you in water!
The water elemental hits you.
You cannot cast spells while unable to breathe!
You cannot cast spells while unable to breathe!
The water elemental attacks as you move away!
The water elemental hits you!!
Ouch! That really hurt!
You die...

▓▓▓▓▓▓▓▓▓▓▓▓ ▓▓▓
▓<.#..'....♣ ♣.#
▓..#..#....♣♣ ♣.#
▓#'####.....♣ ♣.#
▓.....#..†.~♣♣♣ ..###+#+#
▓.....#...~~..♣ ♣.#......
▓....)#..~~~~♣♣♣♣.'.⌠....
▓####[#..~≈≈~~~@E.#
▓.....#.~~≈~~~....#
▓.....#.~≈~~~.....#
▓.....#.~~~.......#
▓'#####...........#
▓.................#
▓▓▓▓▓▓▓▓▓▓▓▓▓▓▓▓▓▓▓


You could see a water elemental.

Vanquished Creatures
  A scorpion (D)
  Jessica (D)
  A human (D)
  An endoplasm (D)
  2 rats (D)
6 creatures vanquished.

Notes
Turn   | Place    | Note
-------+----------+-------------------------------------------
     0 | D        | rocky1 the Deep Elf Earth Elementalist began the quest for
                  | the Orb.
     0 | D        | Reached XP level 1. HP: 10/10 MP: 6/6
    23 | D        | Reached skill level 4 in Earth Magic
    36 | D        | Noticed Jessica
    38 | D        | Killed Jessica
    39 | D        | Reached skill level 6 in Earth Magic
    39 | D        | Reached XP level 2. HP: 5/15 MP: 5/9
    41 | D        | Reached XP level 3. HP: 17/19 MP: 4/10
    94 | D        | Learned a level 3 spell: Stone Arrow
   101 | D        | Noticed a scorpion
   110 | D        | Killed a scorpion
   111 | D        | Reached skill level 5 in Spellcasting
   111 | D        | Reached XP level 4. HP: 18/24 MP: 5/13
   244 | D        | Gained mutation: You are clumsy. (Dex -2) [potion of
                  | mutation]
   245 | D        | Lost mutation: You are clumsy. (Dex -2) [potion of
                  | mutation]
   245 | D        | Gained mutation: You are weak. (Str -2) [potion of
                  | mutation]
   245 | D        | Gained mutation: You are strong-willed. (Will+) [potion of
                  | mutation]
   246 | D        | Lost mutation: You are weak. (Str -2) [potion of mutation]
   246 | D        | Lost mutation: You are strong-willed. (Will+) [potion of
                  | mutation]
   246 | D        | Gained mutation: Your spells are a little harder to cast,
                  | but a little more powerful. [potion of mutation]
   246 | D        | Gained mutation: Your spells are harder to cast, but more
                  | powerful. [potion of mutation]
   246 | D        | Gained mutation: You are strong-willed. (Will+) [potion of
                  | mutation]
   260 | D        | Reached skill level 7 in Earth Magic
   354 | D        | Noticed a water elemental
   358 | D        | Slain by a water elemental

Illustrated notes

Levels and vault maps discovered:
D:        dungeon_sprint_mu [sprint_mu_entry_forest, sprint_mu_temple_rooms,
          sprint_mu_d1_horrors, sprint_mu_d2_genie, sprint_mu_d3_branching,
          sprint_mu_orc_legion, sprint_mu_elf_gauntlet, sprint_mu_hive_nellie,
          sprint_mu_lair_fedhas, sprint_mu_vaults_butterflies,
          sprint_mu_slime_circle, sprint_mu_swamp_cave, sprint_mu_snake_twists,
          sprint_mu_blade_basic, sprint_mu_crypt_lich, sprint_mu_tomb_spiral,
          sprint_mu_vestibule_basic, sprint_mu_gehenna_hellfire,
          sprint_mu_dis_giant, sprint_mu_tartarus_statrot,
          sprint_mu_cocytus_islands, sprint_mu_zot1]

Skill      XL: |  1  2  3  4 |
---------------+-------------+-----
Earth Magic    | 6 7 |  7.2
Dodging        | 3 4 |  4.7
Stealth        | 3 4 |  4.5
Spellcasting   | 4 5 |  5.4
Conjurations   | 3 |  3.6
Transmutations | |  1.1

Action                     |  1- 3 |  4- 6 || total
---------------------------+-------+-------++-------
   Cast: Sandblast         |    12 |     7 ||    19
    Use: Potion            |     1 |     3 ||     4
 Armour: Robe              |     1 |       ||     1
  Dodge: Dodged            |     6 |     2 ||     8

Table legend: (Time is in decaauts)
 A = Elapsed time spent in this place.
 B = Non-inter-level travel time spent in this place.
 C = Inter-level travel time spent in this place.
 D = Time resting spent in this place.
 E = Time spent auto-exploring this place.
 F = Levels seen in this place.
 G = Mean time per level.
                   A        B        C        D        E       F      G
               +--------+--------+--------+--------+--------+-----+--------+
         Total |    366 |    366 |      0 |    214 |     31 |   1 |  366.0 |
       Dungeon |    366 |    366 |      0 |    214 |     31 |   1 |  366.0 |
               +--------+--------+--------+--------+--------+-----+--------+

Top non-repeatable levels by time:
       D: 366 daAuts
